SCURSCUM, neutral female scurrid Tourist n ... ^ .>.... --- . . x . . . Y . # ... # *.....*.i . -...-- . --. . i |.. *.@W Y i r . i.. H m H n SCURSCUM the Sightseer Experience level: 4 Strength: 6 Dexterity: 9 Constitution: 14 Intelligence: 13 Wisdom: 11 Charisma: 16 Health: 0(31) Energy: 17(17) Def: 0 Gold: 1782 Moves: 1105 Dungeon seed: lntunmaRQMhrH4vm Game ID: SCURSCUM_1498708447 Your Inventory: Coins $ - 1782 gold pieces Weapons a - 40 uncursed +2 darts (in quiver) Armor e - an uncursed +0 Hawaiian shirt (being worn) Comestibles b - an uncursed cram ration c - 2 uncursed eggs d - 4 uncursed food rations f - 3 uncursed tripe rations g - an uncursed apple Scrolls w - an uncursed scroll of scare monster Potions S - an uncursed potion of hallucination Wands m - an uncursed wand of secret door detection (0:15) Tools k - an uncursed expensive camera (0:68) l - an uncursed credit card n - an uncursed leash Q - an uncursed mirror Spells and supernatural/magical abilities: Name Level Category Fail Memory W - pray for help -- divine ? -- Your skills at the end: Miscellaneous Skills wands [Basic] Weapon Skills dart [Basic] Spellcasting Skills Final Attributes: You were devoutly aligned. You were blinded. You were telepathic. You had infravision. You were very stealthy. You are dead. Vanquished creatures: Medusa a water nymph a floating eye a giant bat a large kobold 3 giant rats 2 jackals a goblin 2 grid bugs 13 creatures vanquished. Voluntary challenges: You did not adorn yourself with jewelry or accessories. You did not cause conflict. You were not invisible. You did not have reflection. You were not displaced. You were an atheist. You never hit with a wielded weapon. You did not use containers. You did not apply a unicorn horn. You did not use sinks. You read items or engraved 4 times, starting on turn 418. You never genocided any monsters. You never polymorphed an object. You never changed form. You used no wishes. You never split a pudding. You never wrote Elbereth's name. You never violated your personal moral code. Dungeon overview: The Dungeons of Doom: levels 1 to 27 Level 1 an altar to Blind Io a long staircase Level 2 Level 3 a delicatessen Level 4 Level 5 a fountain Level 6 Level 7 a fountain Level 8 Level 9 Level 10 Level 11 Level 12 Level 13 Level 14 Level 15 Level 16 Level 17 Level 18 Level 19 Level 20 Level 21 Level 22 Level 23 Level 24 Level 25 Level 26 <- You were here Level 27 History has recorded: On T:1 you entered the Dungeons of Doom to retrieve the Amulet of Yendor! On T:160 you reached level 2 of The Dungeons of Doom. On T:327 you reached level 3 of The Dungeons of Doom. On T:422 you reached level 5 of The Dungeons of Doom. On T:424 you reached level 6 of The Dungeons of Doom. On T:428 you advanced to experience level 2. On T:512 you reached level 7 of The Dungeons of Doom. On T:559 you advanced to experience level 3. On T:593 you reached level 8 of The Dungeons of Doom. On T:595 you reached level 9 of The Dungeons of Doom. On T:606 you reached level 10 of The Dungeons of Doom. On T:631 you reached level 11 of The Dungeons of Doom. On T:709 you reached level 12 of The Dungeons of Doom. On T:712 you reached level 13 of The Dungeons of Doom. On T:715 you reached level 14 of The Dungeons of Doom. On T:718 you reached level 15 of The Dungeons of Doom. On T:720 you reached level 16 of The Dungeons of Doom. On T:723 you reached level 17 of The Dungeons of Doom. On T:725 you reached level 18 of The Dungeons of Doom. On T:725 you entered the Rogue tribute level. On T:728 you reached level 19 of The Dungeons of Doom. On T:734 you reached level 20 of The Dungeons of Doom. On T:737 you reached level 21 of The Dungeons of Doom. On T:743 you reached level 22 of The Dungeons of Doom. On T:746 you reached level 23 of The Dungeons of Doom. On T:748 you reached level 24 of The Dungeons of Doom. On T:751 you reached level 25 of The Dungeons of Doom. On T:1039 you killed Medusa on level 24 of The Dungeons of Doom. On T:1039 you advanced to experience level 4. On T:1049 you reached level 26 of The Dungeons of Doom. On T:1051 you reached level 27 of The Dungeons of Doom. Score breakdown: Gold: 928 ( 92 points) Experience: 4 levels ( 300 points) Exploration: 27 levels ( 780 points) Discoveries: 4 items ( 200 points) Variety of kills: 9 monsters ( 450 points) Major goal: (nothing yet) ( 0 points) Survival: died (score multiplied by 3) Total score: 5466 Latest messages: You start chewing a hole in the rock. You continue digging. You make an opening in the wall. You try to feel what is lying here on the floor. You feel here a blue gem. You miss it. (2x) The invisible omghax's ghost touches you! The invisible quasit claws you! (2x) The invisible quasit bites! The dart hits it. The invisible quasit claws you! (2x) The invisible quasit bites! The invisible quasit claws you! (2x) The invisible quasit bites! The dart hits it. The invisible omghax's ghost touches you! The invisible quasit claws you! You die... Final status: Aloha SCURSCUM the Tourist, killed by an invisible quasit... You died in The Dungeons of Doom on dungeon level 26 with 5466 points, and 1782 pieces of gold, after 1105 moves. You were level 4 with a maximum of 31 hit points when you died.